 Dungeon Crawl Stone Soup version 0.16.0-8-gd9ae3a8 (webtiles) character file.

6 RobertPalmer the Grave Robber (level 1, -1/11 HPs)
             Began as an Octopode Necromancer on Mar 16, 2015.
             Slain by a goblin
             ... wielding a +0 club
              (2 damage)
             ... on level 1 of the Dungeon.
             The game lasted 00:00:40 (359 turns).

RobertPalmer the Grave Robber (Octopode Necromancer) Turns: 359, Time: 00:00:40

Health: -1/11      AC:  1    Str:  7    XL:     1   Next: 90%
Magic:  1/3        EV: 12    Int: 17    God:
Gold:   30         SH:  0    Dex: 12    Spells: 2 memorised, 2 levels left

rFire  . . .     SeeInvis .     g - +0 dagger
rCold  . . .     Clarity  .     (no shield)
rNeg   . . .     SustAb   .     (helmet restricted)
rPois  .         Gourm    .     (no amulet)
rElec  .         Spirit   .     (no ring)
rCorr  .         Warding  .     (no ring)
rMut   .         Stasis   .     (no ring)
MR     .....                    (no ring)
Stlth  +++.......               (no ring)
                                (no ring)
                                (no ring)
                                (no ring)

@: not resistant to hostile enchantments, fairly stealthy
A: almost no armour, amphibious, 8 rings, constrict 8, camouflage 1, gelatinous
body 1
a: no special abilities


You were on level 1 of the Dungeon.
You were not hungry.

You visited 1 branch of the dungeon, and saw 1 of its levels.

You collected 30 gold pieces.

Inventory:

Hand weapons
 d - a +0 short sword
   (You took it off a kobold on level 1 of the Dungeon)
 g - a +0 dagger (weapon)
   (You took it off a goblin on level 1 of the Dungeon)
Scrolls
 a - a scroll of enchant armour {unknown}
 e - a scroll of immolation {unknown}
Potions
 f - a potion of curing {unknown}
Books
 b - a book of Necromancy
Comestibles
 c - a bread ration


   Skills:
 - Level 2.0 Dodging
 - Level 2.6 Stealth
 - Level 2.0 Spellcasting
 + Level 4.3 Necromancy


You had 2 spell levels left.
You knew the following spells:

 Your Spells              Type           Power        Failure   Level  Hunger
a - Pain                  Necr           ###.         3%          1    #......
A - Animate Skeleton      Necr           N/A          3%          1    #......


Dungeon Overview and Level Annotations

Branches:
Dungeon (1/15)

Altars:


Innate Abilities, Weirdness & Mutations

You cannot wear most types of armour.
You are amphibious.
You can wear up to eight rings at the same time.
You can use your tentacles to constrict many enemies at once.
Your skin changes colour to match your surroundings (Stealth).
Your rubbery body absorbs attacks (AC +1).


Message History

The kobold throws a stone.
The stone hits you.
Things that are here:
a stone; 8 gold pieces
Casting: Pain
Confirm with . or Enter, or press ? or * to list all spells.
Aiming: Pain
Press: ? - help, Shift-Dir - straight line, f - kobold
Aim: a kobold (chance 85%)
The kobold convulses in agony!
The kobold throws a stone.
The stone hits you but does no damage.
Casting: Pain
Confirm with . or Enter, or press ? or * to list all spells.
You don't have enough magic to cast that spell.
Unknown command.
Casting: Pain
Confirm with . or Enter, or press ? or * to list all spells.
You can't see any susceptible monsters within range! (Use Z to cast anyway.)
Casting: Pain
Confirm with . or Enter, or press ? or * to list all spells.
Aiming: Pain
Press: ? - help, Shift-Dir - straight line, f/p - kobold
Aim: a kobold (chance 85%)
The kobold convulses in agony!
You kill the kobold!
You start resting.
A hobgoblin comes into view. It is wielding a club.
A hobgoblin is nearby!
You start resting.
Found a stone staircase leading down.
A goblin comes into view. It is wielding a dagger.
The goblin shouts!
You see here a rat corpse.
You see here a scroll labeled FIPPUO PHEUGA.
You see here a scroll labeled FIPPUO PHEUGA.
e - a scroll labeled FIPPUO PHEUGA You see here a golden potion.
f - a golden potion
Casting: Pain
Confirm with . or Enter, or press ? or * to list all spells.
Aiming: Pain
Press: ? - help, Shift-Dir - straight line, f - goblin
Aim: a goblin, wielding a dagger (chance 85%)
The goblin convulses in agony!
You kill the goblin!
g - a dagger Wield which item (- for none, * to show all)? (? for menu, Esc to quit)
g - a +0 dagger (weapon)
You start resting.
Magic restored.
HP restored.
You now have 23 gold pieces (gained 8).
You see here 2 stones.
You now have 30 gold pieces (gained 7).
You see here 2 stones.
A bat comes into view.
Unknown command.
A bat is nearby!
A bat is nearby!
A bat is nearby!
A bat is nearby!
A rat and a goblin come into view.
The goblin shouts!
The hobgoblin shouts!
A rat comes into view.
Casting: Pain
Confirm with . or Enter, or press ? or * to list all spells.
Aiming: Pain
Press: ? - help, Shift-Dir - straight line, f - bat
Aim: a bat (chance 85%)
The bat convulses in agony!
You kill the bat!
The rat twitches its whiskers.
A kobold comes into view. It is wielding a short sword.
The hobgoblin closely misses you. The goblin barely misses you.
Casting: Pain
Confirm with . or Enter, or press ? or * to list all spells.
Aiming: Pain
Press: ? - help, Shift-Dir - straight line, f - hobgoblin
Aim: a hobgoblin, wielding a club (chance 87%)
The hobgoblin convulses in agony!
The hobgoblin closely misses you.
Casting: Pain
Confirm with . or Enter, or press ? or * to list all spells.
Aiming: Pain
Press: ? - help, Shift-Dir - straight line, f/p - hobgoblin
Aim: a hobgoblin, wielding a club (heavily wounded, chance 87%)
The hobgoblin convulses in agony!
You barely miss the hobgoblin. You grab the hobgoblin.
You squeeze the hobgoblin, but do no damage.
The hobgoblin is severely wounded.
You constrict the hobgoblin, but do no damage.
The hobgoblin hits you with a club.
You completely miss the hobgoblin.
The hobgoblin is severely wounded.
You constrict the hobgoblin.
You kill the hobgoblin!
The goblin hits you with a club.
* * * LOW HITPOINT WARNING * * *
You barely miss the goblin. Your grab misses the goblin.
The goblin hits you with a club.
You die...

#.## ####.####..#....#
#.# #....#####.#....#
#.#####..÷....##.######
#...##....###..#.#
#.<.....### ##...#
#...#.#.# ##...#
#.....###..#####..#.#
###.### ##...#...##.#
#.. ###@)..###.# ##..
##g..# #.# #r# ###r..#
#.# #..####g..### ...
#...#..### #
#...###..K. ##.r....#
#...†......#
.%............#


You could see a goblin and a rat.

Vanquished Creatures
  A bat (D:1)
  A hobgoblin (D:1)
  2 kobolds (D:1)
  A goblin (D:1)
  A rat (D:1)
6 creatures vanquished.

Notes
Turn   | Place    | Note
--------------------------------------------------------------
     0 | D:1      | RobertPalmer, the Octopode Necromancer, began the quest for the Orb.
     0 | D:1      | Reached XP level 1. HP: 11/11 MP: 3/3
    13 | D:1      | Learned a level 1 spell: Animate Skeleton
   358 | D:1      | HP: 1/11 [goblin/club (5)]
   359 | D:1      | Slain by a goblin

Action                   || total
-------------------------++-------
Melee: Unarmed           ||     4
       Dagger            ||     3
 Cast: Pain              ||     9

Vault maps used:
D:1:      dpeg_arrival_arbitrary_b

Table legend:
 A = Turns spent in this place as a percentage of turns spent in the entire game.
 B = Non-inter-level travel turns spent in this place as a percentage of non-inter-level travel turns spent in the entire game.
 C = Inter-level travel turns spent in this place as a percentage of turns spent in this place.
 D = Turns resting spent in this place as a percentage of non-inter-level travel turns spent in this place.
 E = Turns spent auto-exploring this place as a percentage of non-inter-level travel turns spent in this place.
 F = Non-inter-level travel turns spent in this place divided by the number of levels of this place that you've seen.
                   A       B       C       D       E      F
               +-------+-------+-------+-------+-------+----------------------
         Total | 100.0 | 100.0 |   0.0 |   5.8 |   2.9 | 103.0
       Dungeon | 100.0 | 100.0 |   0.0 |   5.8 |   2.9 | 103.0
               +-------+-------+-------+-------+-------+----------------------

Table legend:
 A = Kills in this place as a percentage of kills in entire the game.
 B = Kills by you in this place as a percentage of kills by you in the entire game.
 C = Kills by friends in this place as a percentage of kills by friends in the entire game.
 D = Other kills in this place as a percentage of other kills in the entire game.
 E = Experience gained in this place as a percentage of experience gained in the entire game.
 F = Experience gained in this place divided by the number of levels of this place that you have seen.
                   A       B       C       D       E      F
               +-------+-------+-------+-------+-------+----------------------
         Total | 100.0 | 100.0 |  -nan |  -nan | 100.0 |   9.0
       Dungeon | 100.0 | 100.0 |  -nan |  -nan | 100.0 |   9.0
               +-------+-------+-------+-------+-------+----------------------
